 Dungeon Crawl Stone Soup version 0.29-a0-648-g6b26cc9f40 (webtiles) character file.

Game seed: 15269336117911437259

1922 xian the Cutter (level 8, 0/68 HPs)
             Began as a White Draconian Fighter on June 20, 2022.
             Was an Initiate of Wu Jian.
             Succumbed to a hornet's poison
             ... on level 7 of the Dungeon.
             The game lasted 00:23:33 (5416 turns).

xian the Cutter (White Draconian Fighter)           Turns: 5416, Time: 00:23:33

Health: 0/68       AC: 11    Str: 21    XL:     8   Next: 96%
Magic:  1/17       EV: 14    Int:  8    God:    Wu Jian [......]
Gold:   157        SH:  6    Dex: 21    Spells: 7/7 levels left

rFire   . . .      SeeInvis .   q - +4 short sword (flame)
rCold   + . .      Faith    .   b - +0 buckler
rNeg    . . .      Spirit   +   (body armour unavailable)
rPois   .          Reflect  .   (helmet restricted)
rElec   .          Harm     +   x - +0 cloak
rCorr   .          Rampage  .   u - +0 pair of gloves
Will    .....                   c - +2 pair of boots
Stlth   +++.......              i - amulet "Kesemp" {Spirit Harm Dex+4}
HPRegen 0.21/turn               p - +6 ring of dexterity
MPRegen 0.15/turn               n - ring of magical power

@: lethally poisoned (0 -> -1), short of breath, on berserk cooldown, slowed,
very slow
A: breathe frost, AC +6, unfitting armour, cold resistance 1, cold-blooded
a: Breathe Frost, Renounce Religion


You were on level 7 of the Dungeon.
You worshipped Wu Jian.
Wu Jian was noncommittal.
You visited 2 branches of the dungeon, and saw 8 of its levels.

You collected 338 gold pieces.
You spent 181 gold pieces at shops.

Inventory:

Hand Weapons
 q - a +4 short sword of flaming (weapon)
 B - a +2 vampiric long sword
Missiles
 j - 3 curare-tipped darts
 m - 4 javelins (quivered)
Armour
 b - a +0 buckler (worn)
 c - a +2 pair of boots (worn)
 u - a +0 pair of gloves (worn)
 x - a +0 cloak (worn)
Jewellery
 i - the amulet "Kesemp" (around neck) {Spirit Harm Dex+4}
   (You acquired it on level 2 of the Dungeon)

   [amulet of guardian spirit]

   It causes incoming damage to be divided between your reserves of health and
   magic.
   Dex:       It affects your dexterity (+4).
   Harm:      It increases damage dealt and taken.
 k - a ring of flight
 n - a ring of magical power (right hand)
 p - a +6 ring of dexterity (left hand)
 s - a ring of positive energy
Scrolls
 a - 3 scrolls of amnesia
 d - a scroll of blinking
 e - 2 scrolls of fog
 l - 5 scrolls of immolation
 o - 2 scrolls of magic mapping
 r - a scroll of enchant armour
Potions
 g - 3 potions of lignification
 h - a potion of curing
 t - a potion of haste {unknown}
 v - a potion of heal wounds
 w - a potion of mutation {unknown}
 z - a potion of attraction


   Skills:
 + Level 5.3 Fighting
 + Level 6.7(7.3) Short Blades
 + Level 4.6(6.3) Long Blades
 + Level 1.5 Throwing
 + Level 4.6 Dodging
 + Level 4.6 Stealth
 + Level 4.4 Shields


You had 7 spell levels left.
You didn't know any spells.
Your spell library contained the following spells:

 Spells                   Type           Power      Damage    Failure   Level
 Sting                    Tmut/Pois      0%         1d3       50%         1
 Ensorcelled Hibernation  Hex/Ice        0%         N/A       63%         2
 Poisonous Vapours        Pois/Air       0%         N/A       63%         2
 Gell's Gravitas          Tloc           0%         N/A       86%         3
 Inner Flame              Hex/Fire       0%         N/A       86%         3
 Spider Form              Tmut/Pois      0%         N/A       86%         3
 Teleport Other           Tloc           0%         N/A       86%         3
 Anguish                  Hex/Necr       0%         N/A       99%         4
 Cause Fear               Hex            0%         N/A       99%         4
 Olgreb's Toxic Radiance  Pois           0%         N/A       99%         4
 Dispersal                Tloc           0%         N/A       100%        6
 Discord                  Hex            0%         N/A       100%        8


Dungeon Overview and Level Annotations

Branches:
Dungeon (7/15)             Temple (1/1) D:6

Altars:
Ashenzari
Cheibriados
Dithmenos
Elyvilon
Fedhas
Gozag
Hepliaklqana
Kikubaaqudgha
Makhleb
Nemelex Xobeh
Okawaru
Qazlal
Ru
Sif Muna
Trog
Uskayaw
Vehumet
Wu Jian
Xom
Yredelemnul
Zin
The Shining One

Shops:
D:4 [   D:6 =


Innate Abilities, Weirdness & Mutations

You can breathe waves of freezing cold which knock back foes.
Your icy white scales are hard. (AC +6)
You cannot fit into any form of body armour.
Your flesh is cold resistant. (rC+)
You are cold-blooded and may be slowed by cold attacks.


Message History

You feel yourself slow down.
You feel better. The hornet stings you!
You feel as though you will be slow longer.
The hornet stings you!
* * * LOW HITPOINT WARNING * * *
You are poisoned.
You feel as though you will be slow longer.
A red film seems to cover your vision as you go berserk!
You feel yourself moving faster!
You feel mighty!
You feel very sick. The hornet misses you. The hornet closely misses you.
You puncture the hornet! You burn the hornet.
The hornet is almost dead.
You feel sick. The hornet stings you!
* * * LOW HITPOINT WARNING * * *
You suddenly lose the ability to move!
You feel sick. The hornet stings you.
* * * LOW HITPOINT WARNING * * *
You shrug off the repeated paralysis!
The hornet stings you!
* * * LOW HITPOINT WARNING * * *
You feel as though you will be slow longer.
You can move again.
You puncture the hornet! You burn the hornet.
You kill the hornet!
The Council accepts your kill.
* * * LOW HITPOINT WARNING * * *
You feel sick.
* * * LOW HITPOINT WARNING * * *
You feel sick.
You see here a hornet corpse.
You are too berserk!
You feel a strong urge to attack something.
* * * LOW HITPOINT WARNING * * *
You feel sick.
* * * LOW HITPOINT WARNING * * *
You feel sick.
You feel your anger nearly subside.
You are no longer berserk.
You are exhausted.
You feel as though you will be slow longer.
You die...

....... ....
......####.....
..............
...........#
#.##.......#
.######.##.......# #
.................#.#
.........@.......#.##
...).(.....†.........
.....................
..........)..........
..........###........
..........###........
..........[.......(#.
..........###......#.
.....#....###.......#


There were no monsters in sight!

Vanquished Creatures
  Maggie (D:6)
  A hornet (D:7)
  Sigmund (D:4)
  A wraith (D:6)
  A steam dragon (D:7)
  An ogre (D:4)
  An ice beast (D:6)
  A centaur (D:7)
  2 scorpions
  2 howler monkeys
  5 hounds
  An orc priest (D:6)
  A jelly (D:6)
  Crazy Yiuf (D:5)
  An iguana (D:6)
  5 orc wizards
  4 gnolls
  5 adders
  A shadow imp (D:5)
  2 worms (D:2)
  2 dart slugs (D:2)
  15 orcs
  5 endoplasms
  4 giant cockroaches
  12 goblins
  6 hobgoblins
  4 jackals (D:2)
  A quokka (D:2)
  3 ball pythons
  7 bats
  4 frilled lizards
  10 kobolds
  2 rats (D:2)
113 creatures vanquished.

Notes
Turn   | Place    | Note
-------+----------+-------------------------------------------
     0 | D:1      | xian the Draconian Fighter began the quest for the Orb.
     0 | D:1      | Reached XP level 1. HP: 19/19 MP: 1/1
   421 | D:1      | Reached XP level 2. HP: 24/26 MP: 2/2
   883 | D:2      | Reached XP level 3. HP: 31/31 MP: 3/3
   905 | D:2      | Found a faded altar of an unknown god.
  1101 | D:2      | Found a burning altar of Makhleb.
  1230 | D:2      | Identified a scroll of acquirement
  1230 | D:2      | Acquired the amulet "Kesemp" {Spirit Harm Dex+4}
  1653 | D:2      | Reached XP level 4. HP: 31/40 MP: 4/4
  2368 | D:3      | Reached XP level 5. HP: 42/46 MP: 5/5
  2834 | D:4      | Reached skill level 1 in Stealth
  2933 | D:4      | Found an opulent altar of Gozag.
  2976 | D:4      | Found Raec's Armour Shoppe.
  2981 | D:4      | Noticed Sigmund
  2994 | D:4      | Killed Sigmund
  2995 | D:4      | Reached skill level 2 in Short Blades
  2995 | D:4      | Reached XP level 6. HP: 41/52 MP: 6/6
  3304 | D:5      | Entered Level 5 of the Dungeon
  3406 | D:5      | Reached skill level 3 in Short Blades
  3406 | D:5      | Your scales start taking on an icy white colour.
  3406 | D:5      | Reached XP level 7. HP: 59/59 MP: 7/7
  3406 | D:5      | Gained mutation: Your flesh is cold resistant. (rC+) [White
                  | Draconian growth]
  4034 | D:5      | Found a runed translucent door.
  4035 | D:5      | Noticed Crazy Yiuf
  4041 | D:5      | Killed Crazy Yiuf
  4414 | D:4      | Bought a +2 pair of boots for 181 gold pieces
  4513 | D:6      | Reached skill level 4 in Short Blades
  4533 | D:6      | Found Higroh's Jewellery Emporium.
  4692 | D:6      | Found a staircase to the Ecumenical Temple.
  4732 | D:6      | Reached skill level 1 in Throwing
  4751 | Temple   | Entered the Ecumenical Temple
  4800 | Temple   | Became a worshipper of the Wu Jian Council
  4886 | D:6      | Noticed Maggie
  4902 | D:6      | Killed Maggie
  4903 | D:6      | Reached skill level 5 in Short Blades
  4903 | D:6      | Reached XP level 8. HP: 41/67 MP: 8/8
  5255 | D:7      | Reached skill level 5 in Fighting
  5285 | D:7      | Reached skill level 6 in Short Blades
  5396 | D:7      | Noticed a hornet
  5410 | D:7      | Paralysed by a hornet for 1 turns
  5411 | D:7      | HP: 5/102 [hornet (5)]
  5412 | D:7      | Killed a hornet
  5415 | D:7      | HP: 2/102 [poisoned by a hornet]
  5416 | D:7      | Succumbed to a hornet's poison

Illustrated notes

Levels and vault maps discovered:
D:1:      roderic_octagonal_star, layout_basic, corexii_corridor_pit
D:2:      minmay_diamond_boxcup, layout_basic,
          hellmonk_ecumenical_altar_heavens_door, basic_altar
D:3:      layout_rooms
D:4:      layout_basic, mainiacjoe_overflow_24_doors, serial_shops, shop,
          uniq_sigmund
D:5:      layout_layer_cave, dk_rats_in_the_wall, uniq_crazy_yiuf_cottage
D:6:      layout_cave_pools, minmay_temple_entry_mist, serial_shops, shop,
          grunt_decor_fettered, uniq_maggie
D:7:      layout_basic
Temple:   nicolae_temple_the_god_donut

Skill      XL: |  1  2  3  4  5  6  7  8 |
---------------+-------------------------+-----
Dodging        | 3 4 |  4.6
Long Blades    | 3 4 |  4.6
Stealth        | 1 3 4 |  4.6
Fighting       | 4 5 |  5.3
Short Blades   | 2 3 5 6 |  6.7
Throwing       | 1 |  1.5
Shields        | 4 |  4.4

Action                   |  1- 3 |  4- 6 |  7- 9 || total
-------------------------+-------+-------+-------++-------
Melee: Long sword        |   133 |    41 |       ||   174
       Tailslap          |    12 |    15 |    16 ||    43
       Short sword       |       |    58 |    86 ||   144
Throw: Javelin           |       |     5 |     4 ||     9
Invok: Lunge             |       |       |     5 ||     5
 Abil: Breathe Frost     |       |       |     3 ||     3
  Use: Scroll            |     3 |     6 |     9 ||    18
       Potion            |       |       |     3 ||     3
 Stab: Sleeping          |     3 |     3 |     6 ||    12
Armor: Skin              |    75 |    23 |    17 ||   115
Dodge: Dodged            |   124 |    51 |    35 ||   210
Block: Buckler           |    46 |    21 |    18 ||    85

Table legend: (Time is in decaauts)
 A = Elapsed time spent in this place.
 B = Non-inter-level travel time spent in this place.
 C = Inter-level travel time spent in this place.
 D = Time resting spent in this place.
 E = Time spent auto-exploring this place.
 F = Levels seen in this place.
 G = Mean time per level.
                   A        B        C        D        E       F      G
               +--------+--------+--------+--------+--------+-----+--------+
         Total |   5473 |   5234 |    239 |    109 |   3170 |   8 |  684.1 |
       Dungeon |   5349 |   5132 |    217 |    109 |   3147 |   7 |  764.1 |
        Temple |    124 |    102 |     22 |      0 |     23 |   1 |  124.0 |
               +--------+--------+--------+--------+--------+-----+--------+

Top non-repeatable levels by time:
     D:2: 1310 daAuts
     D:5: 1141 daAuts
     D:1: 803 daAuts
     D:4: 784 daAuts
     D:6: 634 daAuts
     D:3: 511 daAuts
     D:7: 164 daAuts
  Temple: 124 daAuts
